 Dungeon Crawl Stone Soup version 0.28.0-53-g5a82cb258f (webtiles) character file.

Game seed: 2474638248372891853

9 issech the Skirmisher (level 2, -3/27 HPs)
             Began as a Minotaur Monk on June 26, 2022.
             Slain by a gnoll
             ... wielding a +0 spear
              (4 damage)
             ... on level 1 of the Dungeon.
             The game lasted 00:00:46 (306 turns).

issech the Skirmisher (Minotaur Monk)                Turns: 306, Time: 00:00:47

Health: -3/27      AC:  2    Str: 15    XL:     2   Next: 6%
Magic:  1/1        EV: 13    Int:  7    God:
Gold:   20         SH:  0    Dex: 12    Spells: 1/1 levels left

rFire   . . .      SeeInvis .   a - +0 hand axe
rCold   . . .      Faith    .   (no shield)
rNeg    . . .      Spirit   .   b - +0 robe
rPois   .          Reflect  .   (helmet restricted)
rElec   .          Harm     .   (no cloak)
rCorr   .          Rampage  .   (no gloves)
Will    .....                   (no boots)
Stlth   ++........              (no amulet)
HPRegen 0.09/turn               (no ring)
MPRegen 0.07/turn               (no ring)

@: no status effects
A: horns 2, retaliatory headbutt
a: no special abilities


You were on level 1 of the Dungeon.
You visited 1 branch of the dungeon, and saw 1 of its levels.

You collected 20 gold pieces.

Inventory:

Hand Weapons
 a - a +0 hand axe (weapon)
Armour
 b - a +0 robe (worn)


   Skills:
 + Level 3.9 Fighting
 + Level 3.8 Axes
 + Level 3.5 Dodging
 + Level 1.6 Stealth


You had one spell level left.
You didn't know any spells.
Your spell library was empty.

Dungeon Overview and Level Annotations

Branches:
Dungeon (1/15)

Altars:


Innate Abilities, Weirdness & Mutations

You have a pair of horns on your head.
You reflexively headbutt those who attack you in melee.


Message History

You hit the gnoll. You headbutt the gnoll.
The gnoll is severely wounded.
You hit the ball python.
You kill the ball python!
The gnoll hits you with a +0 spear!
* * * LOW HITPOINT WARNING * * *
You have reached level 2!
You barely miss the gnoll. Your headbutt misses the gnoll.
The gnoll is severely wounded.
The gnoll misses you.
The gnoll hits you from afar with a +0 spear.
* * * LOW HITPOINT WARNING * * *
The quokka closely misses you.
The quokka twitches its whiskers.
The quokka bites you.
* * * LOW HITPOINT WARNING * * *
The quokka barely misses you.
There is an open door here.
The quokka closely misses you. You furiously retaliate!
You headbutt the quokka, but do no damage.
You hit the quokka.
The quokka is heavily wounded.
The quokka barely misses you. x2
You barely miss the quokka. Your headbutt misses the quokka.
The quokka is heavily wounded.
The quokka barely misses you. You furiously retaliate!
You headbutt the quokka!
You kill the quokka!
The gnoll barely misses you. The frilled lizard barely misses you.
You barely miss the frilled lizard. You headbutt the frilled lizard.
The frilled lizard is heavily wounded.
The gnoll hits you from afar with a +0 spear.
* * * LOW HITPOINT WARNING * * *
The frilled lizard closely misses you.
You closely miss the frilled lizard.
The frilled lizard is heavily wounded.
The gnoll completely misses you. The frilled lizard barely misses you.
You hit the frilled lizard.
You kill the frilled lizard!
The gnoll hits you from afar with a +0 spear.
You die...

##.#.#....# #.# ##########
#.#.#....# #.. #........#
#...#....######## #........#
##..#............ #........#
#..#.....###.... #........#
##.#.....# #.### ###......#
#.#.)...# #.#
######.......######>#.....# #.#
#............'g.@.#.#.....# #.###
#............######.#.....# #....
#............######.#.....#######
#................................
######....#########.#####.#######
##.#.# #.......# #.#.# #########
#.#.# ## #.#.# ...


You could see a gnoll.

Vanquished Creatures
  An endoplasm (D:1)
  2 goblins (D:1)
  A hobgoblin (D:1)
  A kobold (D:1)
  A quokka (D:1)
  2 ball pythons (D:1)
  A frilled lizard (D:1)
9 creatures vanquished.

Notes
Turn   | Place    | Note
-------+----------+-------------------------------------------
     0 | D:1      | issech the Minotaur Monk began the quest for the Orb.
     0 | D:1      | Reached XP level 1. HP: 19/19 MP: 0/0
   280 | D:1      | Reached XP level 2. HP: 9/27 MP: 1/1
   304 | D:1      | HP: 1/27 [gnoll/+0 spear (2)]
   306 | D:1      | Slain by a gnoll

Illustrated notes

Levels and vault maps discovered:
D:1:      scummos_arrival_simple_crosswalls, layout_basic, serial_rivers,
          chequers_serial_rivers_micro_b, chequers_serial_rivers_micro_a,
          chequers_serial_rivers_small_3, chequers_serial_rivers_micro_d,
          chequers_serial_rivers_small_a

Action                   || total
-------------------------++-------
Melee: Hand axe          ||    19
       Headbutt          ||     5
 Stab: Sleeping          ||     1
Dodge: Dodged            ||    21
